 Dungeon Crawl Stone Soup version 0.22-a0-587-g7d32d7c (webtiles) character file.

1174 Hebeh the Skirmisher (level 8, 0/70 HPs)
             Began as a Minotaur Fighter on July 4, 2018.
             Slain by a river rat (1 damage)
             ... summoned by Eustachio
             ... on level 6 of the Dungeon.
             The game lasted 00:14:10 (4643 turns).

Hebeh the Skirmisher (Minotaur Fighter)             Turns: 4643, Time: 00:14:11

Health: 0/70       AC:  9    Str: 22      XL:     8   Next: 18%
Magic:  8/8        EV:  8    Int:  5      God:
Gold:   84         SH: 10    Dex:  8 (11) Spells: 7/7 levels left

rFire    . . .     SeeInvis +   a - +4 whip
rCold    . . .     Gourm    .   c - +0 shield
rNeg     . . .     Faith    .   w - +3 ring mail
rPois    .         Spirit   .   (helmet restricted)
rElec    .         Reflect  .   (no cloak)
rCorr    .         Harm     .   (no gloves)
MR       .....                  (no boots)
Stlth    ..........             (no amulet)
HPRegen  0.21/turn              j - ring of see invisible
MPRegen  0.11/turn              (no ring)

@: no status effects
A: retaliatory headbutt, horns 2
a: no special abilities


You were on level 6 of the Dungeon.
You were not hungry.

You visited 1 branch of the dungeon, and saw 7 of its levels.

You collected 214 gold pieces.
You spent 130 gold pieces at shops.

Inventory:

Hand Weapons
 a - a +4 whip (weapon)
 b - a +0 hunting sling
 i - a +3 whip
 v - a +2 war axe
Missiles
 p - 56 sling bullets
 s - 4 poisoned tomahawks (quivered)
Armour
 c - a +0 shield (worn)
 w - a +3 ring mail (worn)
Jewellery
 j - a ring of see invisible (left hand)
 y - a +2 amulet of reflection {unknown}
 B - an uncursed amulet of faith {unknown}
Wands
 g - a wand of polymorph (8)
Scrolls
 h - 4 scrolls of teleportation
 k - a scroll of enchant weapon
 n - 5 scrolls of identify {unknown}
 o - 3 scrolls of blinking {unknown}
 q - 3 scrolls of noise {unknown}
 r - 5 scrolls of remove curse
 u - a scroll of amnesia {unknown}
 C - a scroll of fear {unknown}
Potions
 d - 2 potions of might
 e - a potion of magic {unknown}
 l - 2 potions of haste {unknown}
 m - a potion of flight {unknown}
 t - a potion of resistance {unknown}
 x - a potion of mutation {unknown}
 z - a potion of curing {unknown}
 A - 2 potions of heal wounds
 D - a potion of berserk rage {unknown}
 E - a potion of degeneration {unknown}
Comestibles
 f - 11 rations


   Skills:
 + Level 5.9 Fighting
 - Level 5.8(6.4) Axes
 * Level 3.7(5.3) Maces & Flails
 * Level 3.2 Slings
 - Level 0.2(1.8) Throwing
 + Level 5.9 Armour
 + Level 5.9 Shields
 + Level 1.8 Evocations


You had 7 spell levels left.
You didn't know any spells.
Your spell library was empty.

Dungeon Overview and Level Annotations

Branches:
Dungeon (7/15)
 Temple: D:4-7

Altars:
Ashenzari
Elyvilon
Hepliaklqana
Nemelex Xobeh
Qazlal
Sif Muna
Yredelemnul

Shops:
D:4 !

Annotations:
D:3 4 transporters
D:6 Eustachio


Innate Abilities, Weirdness & Mutations

You reflexively headbutt those who attack you in melee.
You have a pair of horns on your head.


Message History

The bat hits you but does no damage.
You climb downwards.
Found 7 poisoned needles.
There is a stone staircase leading up here.
You start resting.
Eating a chunk of flesh.
You eat the chunk of flesh.
This raw flesh tastes terrible.
The orc wizard is too close now for your liking.
An orc wizard is nearby!
The orc wizard casts a spell at you. The magic dart hits you!
* * * LOW HITPOINT WARNING * * *
You climb upwards.
Level annotation: Eustachio Eustachio mumbles some strange words.
Eustachio blinks!
The rat closely misses you. You furiously retaliate!
You headbutt the rat, but do no damage. You block the river rat's attack.
The rat barely misses you.
There is a stone staircase leading down here.
The river rat bites you.
You die...

#....... ...........
.....###.#.##..##.
#.##.# #.#.##..##.
.....# #.#.##.###.
#.##.# #.#...5....
#.##.# #.#...b....
#.##.###.#.#.####.
##.####.r......#.#......
...<...@rb..@...........
##########>###.###.#####
### #.# #.# # #.# #$#
#.# ### #.# #.# #.#


You could see Eustachio, a river rat, a bat and a rat.

Vanquished Creatures
  Sigmund (D:2)
  A phantom (D:5)
  Blork the orc (D:6)
  A bullfrog (D:3)
  A scorpion (D:5)
  A howler monkey (D:4)
  3 crimson imps (D:5)
  2 hounds
  4 orc priests
  A centaur zombie (D:5)
  A centaur skeleton (D:6)
  5 orc wizards
  Jessica (D:2)
  3 gnolls (D:4)
  2 adders
  An ooze (D:2)
  2 worms
  5 dart slugs
  4 leopard geckos
  19 orcs
  4 ball pythons
  3 giant cockroaches
  2 goblins
  10 hobgoblins
  10 jackals
  8 kobolds
  A quokka (D:4)
  A ball python skeleton (D:4)
  4 bats
  6 frilled lizards
  A giant cockroach zombie (D:5)
  5 rats
  A spectral orc (D:4)
115 creatures vanquished.

Notes
Turn   | Place    | Note
-------+----------+-------------------------------------------
     0 | D:1      | Hebeh the Minotaur Fighter began the quest for the Orb.
     0 | D:1      | Reached XP level 1. HP: 19/19 MP: 0/0
    68 | D:1      | Reached XP level 2. HP: 25/27 MP: 1/1
   881 | D:1      | Reached XP level 3. HP: 31/33 MP: 2/2
  1092 | D:2      | Noticed Jessica
  1099 | D:2      | Killed Jessica
  1147 | D:2      | Reached XP level 4. HP: 38/40 MP: 3/3
  1223 | D:2      | Noticed Sigmund
  1237 | D:2      | Killed Sigmund
  1237 | D:2      | Reached skill level 5 in Axes
  1237 | D:2      | Reached XP level 5. HP: 21/47 MP: 4/4
  1746 | D:2      | Found a deep blue altar of Sif Muna.
  1930 | D:3      | Reached XP level 6. HP: 55/55 MP: 5/5
  2044 | D:3      | Reached skill level 5 in Fighting
  2044 | D:3      | Reached skill level 5 in Armour
  2044 | D:3      | Reached skill level 5 in Shields
  2083 | D:3      | Found a transporter.
  2086 | D:3      | Noticed a yak
  2346 | D:3      | Found a transporter.
  2395 | D:3      | Found a sparkling altar of Nemelex Xobeh.
  2410 | D:3      | Found a shattered altar of Ashenzari.
  2545 | D:3      | Found a hazy altar of Hepliaklqana.
  2796 | D:3      | Found a sparkling altar of Nemelex Xobeh.
  3059 | D:3      | Found a hazy altar of Hepliaklqana.
  3110 | D:3      | Found a shattered altar of Ashenzari.
  3114 | D:3      | Found a transporter.
  3123 | D:3      | Found a transporter.
  3533 | D:4      | Found Faiza's Distillery.
  3541 | D:4      | Bought a potion of heal wounds for 65 gold pieces
  3541 | D:4      | Bought a potion of heal wounds for 65 gold pieces
  3578 | D:4      | Reached skill level 1 in Maces & Flails
  3578 | D:4      | Reached XP level 7. HP: 60/61 MP: 6/6
  3681 | D:4      | Reached skill level 1 in Slings
  3838 | D:4      | Found a basalt altar of Yredelemnul.
  3916 | D:4      | Reached skill level 1 in Evocations
  3993 | D:5      | Entered Level 5 of the Dungeon
  4173 | D:5      | Found a white marble altar of Elyvilon.
  4217 | D:5      | Reached XP level 8. HP: 67/70 MP: 8/8
  4284 | D:5      | Found a stormy altar of Qazlal.
  4395 | D:5      | Found a deep blue altar of Sif Muna.
  4511 | D:6      | Noticed Blork the orc
  4516 | D:6      | Noticed Eustachio
  4521 | D:6      | Killed Blork the orc
  4641 | D:7      | HP: 1/70 [orc wizard/magic dart (8)]
  4643 | D:6      | Slain by a river rat

Vault maps used:
D:1:      ncdulo_watergridlock
D:2:      led_sif_pool, uniq_jessica, uniq_sigmund
D:3:      gammafunk_temple_overflow_arena, lemuel_crystal_altar,
          lemuel_doored_altar
D:4:      yredelemnul_forgotten_temple_becter, serial_shops, shop
D:5:      lemuel_crystal_altar, elyvilon_altar_1, lemuel_coloured_pillars_altar,
          first_ration, corexii_shack
D:6:      uniq_blork_the_orc, uniq_eustachio, uniq_menkaure
D:7:      minmay_temple_entry_statues_fountains, minmay_hedge_maze,
          nicolae_elemental_shop

Skill      XL: |  1  2  3  4  5  6  7  8 |
---------------+-------------------------+-----
Axes           | 3 5 |  5.8
Armour         | 4 5 |  5.9
Fighting       | 4 5 |  5.9
Shields        | 4 5 |  5.9
Maces & Flails | 1 3 |  3.7
Slings         | 2 3 |  3.2
Evocations     | 1 |  1.8
Throwing       | |  0.2

Action                   |  1- 3 |  4- 6 |  7- 9 || total
-------------------------+-------+-------+-------++-------
Melee: War axe           |    55 |    93 |       ||   148
       Headbutt          |     5 |    12 |    30 ||    47
       Whip              |       |    19 |   169 ||   188
 Fire: Hunting sling     |       |    10 |     2 ||    12
  Use: Scroll            |       |     5 |       ||     5
  Eat: Chunk             |     1 |     5 |     3 ||     9
       Ration            |       |     1 |       ||     1
Armor: Scale mail        |    35 |    44 |       ||    79
       Ring mail         |       |     7 |   130 ||   137
Dodge: Dodged            |    24 |    35 |   122 ||   181
Block: Shield            |    30 |    75 |   146 ||   251

Table legend:
 A = Spawn XP
 B = Non-spawn XP
 C = Spawn XP percentage of total XP
 D = Spawn monster count
 E = Non-spawn monster count
 F = Spawn count percentage of total count
 G = Total turns spent on level
                    A         B        C        D         E        F      G
               +---------+---------+-------+---------+---------+-------+---------
         Total |       0 |    1678 |   0.0 |       0 |     115 |   0.0 |  4643
               +---------+---------+-------+---------+---------+-------+---------
           D:1 |       0 |      41 |   0.0 |       0 |      19 |   0.0 |  1068
           D:2 |       0 |     332 |   0.0 |       0 |      23 |   0.0 |   762
           D:3 |       0 |     281 |   0.0 |       0 |      32 |   0.0 |  1472
           D:4 |       0 |     421 |   0.0 |       0 |      24 |   0.0 |   691
           D:5 |       0 |     402 |   0.0 |       0 |      11 |   0.0 |   462
           D:6 |       0 |     201 |   0.0 |       0 |       6 |   0.0 |   181
               +---------+---------+-------+---------+---------+-------+---------
